 Dungeon Crawl Stone Soup version 0.29.1-2-gbd0b4ee654 (webtiles) character file.

Game seed: 3660666364047472613

92 GorkyZ the Shield-Bearer (level 4, -7/37 HPs)
             Began as a Formicid Fighter on Nov 21, 2022.
             Mangled by an ogre
             ... wielding a +0 giant club
              (25 damage)
             ... on level 3 of the Dungeon.
             The game lasted 00:05:54 (1953 turns).

GorkyZ the Shield-Bearer (Formicid Fighter)         Turns: 1953, Time: 00:05:55

Health: -7/37      AC: 10    Str: 23    XL:     4   Next: 90%
Magic:  4/4        EV: 23    Int:  7    God:
Gold:   79         SH:  5    Dex: 13    Spells: 3/3 levels left

rFire   . . .      SeeInvis +   a - +0 war axe
rCold   . . .      Faith    .   c - +0 buckler
rNeg    . . .      Spirit   .   e - +0 chain mail
rPois   .          Reflect  .   (helmet unavailable)
rElec   .          Harm     .   (no cloak)
rCorr   .          Rampage  .   (no gloves)
Will    .....                   k - +0 pair of boots
Stlth   ..........              h - amulet of the acrobat
HPRegen 0.12/turn               (no ring)
MPRegen 0.09/turn               (no ring)

@: acrobatic
A: permanent stasis, dig shafts and tunnels, antennae 3, four strong arms
a: Dig, Shaft Self


You were on level 3 of the Dungeon.
You visited 1 branch of the dungeon, and saw 3 of its levels.

You collected 79 gold pieces.

Inventory:

Hand Weapons
 a - a +0 war axe (weapon)
 n - a +0 dagger
Armour
 b - a +0 scale mail
 c - a +0 buckler (worn)
 e - a +0 chain mail (worn)
 k - a +0 pair of boots (worn)
Jewellery
 h - an amulet of the acrobat (around neck)
Scrolls
 f - 5 scrolls of identify {unknown}
 j - a scroll of enchant weapon {unknown}
 l - 2 scrolls of teleportation {unknown}
 m - a scroll of immolation {unknown}
 o - a scroll of fear {unknown}
 p - a scroll of torment {unknown}
 q - a scroll of noise {unknown}
 s - a scroll of magic mapping {unknown}
Potions
 d - a potion of might
 g - 3 potions of degeneration {unknown}
 i - 2 potions of curing {unknown}
 r - 2 potions of mutation {unknown}
 t - a potion of flight {unknown}
 u - a potion of invisibility {unknown}


   Skills:
 + Level 3.6 Fighting
 + Level 2.4 Axes
 + Level 1.4 Throwing
 + Level 3.7 Armour
 + Level 1.1 Dodging
 + Level 4.5 Shields
 + Level 1.3 Evocations


You had 3 spell levels left.
You didn't know any spells.
Your spell library contained the following spells:

 Spells                   Type           Power      Damage    Failure   Level
 Ozocubu's Armour         Ice            0%         N/A       100%        3
 Metabolic Englaciation   Hex/Ice        0%         N/A       100%        5
 Simulacrum               Ice/Necr       0%         N/A       100%        6


Dungeon Overview and Level Annotations

Branches:
Dungeon (3/15)

Altars:


Innate Abilities, Weirdness & Mutations

You cannot be hasted, slowed, berserked, paralysed or teleported.
You can dig through walls and to a lower floor.
You have a pair of large antennae on your head. (SInv)
Your four strong arms can wield two-handed weapons with a shield.


Message History

Okay, then.
Throw: 2 darts (poison)
Press: ? - help, Q - select action, (/) - cycle Shift-Dir - straight line, f - ogre
Aim: an ogre, wielding a +0 giant club (heavily wounded, 73% to hit)
You throw a poisoned dart.
The poisoned dart barely misses the ogre.
The poisoned dart hits the kobold.
The ogre attacks as you move away! You block the ogre's attack.
The ogre attacks as you move away! You block the ogre's attack.
Throw: dart (poison)
Press: ? - help, Q - select action, (/) - cycle Shift-Dir - straight line, f/p - ogre
Aim: an ogre, wielding a +0 giant club (heavily wounded, 73% to hit)
You throw a poisoned dart.
The poisoned dart completely misses the ogre.
The poisoned dart barely misses the kobold.
The ogre attacks as you move away! The ogre closely misses you.
The ogre attacks as you move away! The ogre misses you.
The ogre attacks as you move away! The ogre barely misses you.
The ogre attacks as you move away! You block the ogre's attack.
You see here a +0 club.
The ogre attacks as you move away! The ogre completely misses you.
You see here a +0 dagger.
The adder bites you but does no damage. The ogre attacks as you move away!
The ogre completely misses you. The adder misses you. The adder misses you.
The adder closely misses you.
Found a stone staircase leading down.
The adder bites you but does no damage. The adder attacks as you move away!
The adder completely misses you.
You slash the adder!
You kill the adder!
You see here a +0 club.
You see here a +0 dagger.
The ogre attacks as you move away! The ogre completely misses you.
You see here a +0 club.
You see here a +0 dagger.
The ogre attacks as you move away!
The ogre hits you with a +0 giant club!!
Ouch! That really hurt!
You die...

#.#.# #... .. #...####.###.....
#...............#
#...####.#####..# ## #>..# #..#
#..# #...#..K# ###.####..#
#.......# #...K.##..#
#...#.#.###.###O##..#
##.##.#.†...# #@....## #.
#.#####.###.##...####### ###.##.#
#...........(....# # ....##.#
##..####†..#####.#.##.
##....######).{.................
##.............#####.####.#K#.###
........#####..# #.. .......#
.........# #..# ######.#.#.#
.........# #..# #.......


You could see an ogre and a kobold.

Vanquished Creatures
  Robin (D:2)
  2 adders
  2 ball pythons
  6 bats
  4 endoplasms
  3 giant cockroaches
  16 goblins
  6 hobgoblins
  3 jackals (D:1)
  3 frilled lizards
  6 kobolds
  2 rats (D:1)
54 creatures vanquished.

Vanquished Creatures (others)
  A withered plant (D:1)
1 creature vanquished.

Grand Total: 55 creatures vanquished

Notes
Turn   | Place    | Note
-------+----------+-------------------------------------------
     0 | D:1      | GorkyZ the Formicid Fighter began the quest for the Orb.
     0 | D:1      | Reached XP level 1. HP: 18/18 MP: 1/1
   251 | D:1      | Reached XP level 2. HP: 24/24 MP: 2/2
   722 | D:1      | Found a faded altar of an unknown god.
   918 | D:1      | Reached XP level 3. HP: 29/29 MP: 3/3
  1142 | D:2      | Noticed Robin
  1147 | D:2      | Reached skill level 1 in Evocations
  1149 | D:2      | Reached skill level 1 in Throwing
  1159 | D:2      | Killed Robin
  1160 | D:2      | Reached skill level 1 in Dodging
  1160 | D:2      | Reached XP level 4. HP: 9/35 MP: 4/4
  1871 | D:3      | Noticed an ogre
  1953 | D:3      | Mangled by an ogre

Illustrated notes

Levels and vault maps discovered:
D:1:      dpeg_arrival_boxorama, layout_loops_corners,
          shapermc_ecumenical_altar_flowoftime, corexii_leaking_fountain
D:2:      minmay_evil_eye, layout_basic, uniq_robin
D:3:      layout_loops_ring

Skill      XL: |  1  2  3 |
---------------+----------+-----
Evocations     | 1 |  1.3
Throwing       | 1 |  1.4
Dodging        | 1 |  1.1
Fighting       | |  3.6
Axes           | |  2.4
Armour         | |  3.7
Shields        | |  4.5

Action                   |  1- 3 |  4- 6 || total
-------------------------+-------+-------++-------
Melee: War axe           |    74 |    35 ||   109
Throw: Dart              |       |     2 ||     2
Armor: Chain mail        |    62 |    24 ||    86
Dodge: Dodged            |    45 |    52 ||    97
Block: Buckler           |    27 |    14 ||    41
